 Dungeon Crawl Stone Soup version 0.31-a0-1101-g9ad1905e61 (webtiles) character file.

Game seed: 3810298473994045532

629 Dirtsage the Changeling (level 7, -1/46 HPs)
             Began as an Octopode Shapeshifter on Dec 1, 2023.
             Slain by a hound (3 damage)
             ... on level 6 of the Dungeon.
             The game lasted 00:09:03 (5090 turns).

Dirtsage the Changeling (Octopode Shapeshifter)     Turns: 5090, Time: 00:09:04

Health: -1/46      AC: -11   Str: 19    XL:     7   Next: 48%
Magic:  7/7        EV: 13    Int: 12    God:
Gold:   267        SH:  0    Dex: 20    Spells: 3/6 levels left

rFire   + .          .
                       - Unarmed
rCold   . . .        (no shield)
rNeg    + . .        (helmet currently unavailable)
rPois   .            o - amulet of magic regeneration
rElec   .            F - ring of protection from fire
rCorr   .            k - +6 ring of strength
SInv    .            N - ring of positive energy
Will    +....        r - ring of willpower
Stlth   +++          l - +6 ring of dexterity
HPRegen 0.27/turn    (no ring)
MPRegen 0.50/turn    (no ring)
                     (no ring)

%: no passive effects
@: beast-form, corroded
A: beast (slay +3), almost no armour, amphibious, 8 rings, camouflage 1,
gelatinous body 1, (nimble swimmer 1), tentacles
a: Begin Untransformation


You were on level 6 of the Dungeon.
You were a hulking beast.
You visited 2 branches of the dungeon, and saw 7 of its levels.

You collected 267 gold pieces.

Inventory:

Jewellery
 k - a +6 ring of strength (right tentacle)
 l - a +6 ring of dexterity (on tentacle)
 o - an amulet of magic regeneration (around mantle)
 r - a ring of willpower (on tentacle)
 F - a ring of protection from fire (left tentacle)
 N - a ring of positive energy (on tentacle)
Talismans
 b - a beast talisman
 c - a flux talisman
Scrolls
 d - 4 scrolls of enchant armour
 h - a scroll of amnesia
 i - a scroll of identify
 m - a scroll of fear {unknown}
 n - a scroll of immolation {unknown}
 p - 3 scrolls of revelation
 t - 2 scrolls of teleportation
 v - 2 scrolls of enchant weapon
Potions
 a - a potion of lignification
 e - a potion of resistance {unknown}
 f - 2 potions of invisibility {unknown}
 g - 2 potions of magic {unknown}
 j - a potion of attraction {unknown}
 q - 3 potions of curing
 s - a potion of brilliance {unknown}
 u - a potion of degeneration {unknown}
 w - a potion of heal wounds {unknown}
 x - a potion of enlightenment {unknown}


   Skills:
 + Level 3.2 Fighting
 - Level 2.0 Dodging
 + Level 4.5 Unarmed Combat
 * Level 3.6 Ice Magic
 * Level 5.3 Shapeshifting


You had 3 spell levels left.
You knew the following spells:

 Your Spells              Type           Power      Damage    Failure   Level
A - Ozocubu's Armour      Ice            8%         N/A       22%         3

Your spell library contained the following spells:

 Spells                   Type           Power      Damage    Failure   Level
 Sublimation of Blood     Necr           0%         N/A       45%         2
 Petrify                  Tmut/Erth      0%         N/A       97%         4
 Metabolic Englaciation   Hex/Ice        2%         N/A       99%         5
 Irradiate                Conj/Tmut      0%         3d11      100%        5
 Simulacrum               Ice/Necr       2%         N/A       100%        6


Dungeon Overview and Level Annotations

Branches:
Dungeon (6/15)             Temple (1/1) D:4

Altars:
Ashenzari
Elyvilon
Fedhas
Kikubaaqudgha
Nemelex Xobeh
Okawaru
Qazlal
Ru
Sif Muna
Trog
Uskayaw
Yredelemnul
Zin
The Shining One

Shops:
D:5 ((:


Innate Abilities, Weirdness & Mutations

You are a hulking beast.
Your limbs bulge with bestial killing power. (Slay +3)
You cannot wear most types of armour.
You are amphibious.
You can wear up to eight rings at the same time.
Your skin changes colour to match your surroundings (Stealth+).
Your rubbery body absorbs attacks. (AC +1, EV +1)
((You are camouflaged when in or above water. (Stealth+)))
You have tentacles for arms and can constrict up to eight enemies at once.


Message History

The orc priest invokes the aid of Beogh against you.
Beogh smites you!
You take 12 damage, and have 34/46 hp.
MASSIVE DAMAGE!!
You tentacle-slap the jelly.
Your tentacles burn!
Your squeeze misses the jelly.
The jelly is moderately wounded.
The jelly hits you but does no damage.
You take 4 damage, and have 30/46 hp.
You bludgeon the jelly! The acid corrodes you!
Your tentacles burn!
The jelly is severely wounded.
The jelly closely misses you.
You take 2 damage, and have 28/46 hp.
You tentacle-slap the jelly. The acid corrodes you!
Your tentacles burn!
The jelly is almost dead.
The jelly hits you. The acid corrodes you!
You are splashed with acid.
You take 11 damage, and have 17/46 hp.
MASSIVE DAMAGE!!
You tentacle-slap the jelly.
You kill the jelly!
The orc priest invokes the aid of Beogh against you.
Beogh smites you!
* * * LOW HITPOINT WARNING * * *
You take 16 damage, and have 1/46 hp.
MASSIVE DAMAGE!!
Found a sapphire ring.
Found a stone staircase leading up.
A hound comes into view.
It was a potion of curing.
You feel better.
q - 3 potions of curing;
j - a white potion You regained 10 hp, and now have 12/46 hp.
MP restored: 7 The hound barks!
The hound closely misses you.
Your magical contamination has completely faded away.
The hound bites you.
* * * LOW HITPOINT WARNING * * *
You take 6 damage, and have 8/46 hp.
The orc priest invokes the aid of Beogh against you.
Pain shoots through your body!
* * * LOW HITPOINT WARNING * * *
You take 7 damage, and have 1/46 hp.
The hound attacks as it pursues you! The hound bites you.
You die...

##..#### #..##### ....#..
#......###. ###.#.#
#.####..... ###.#.#
#.......... ..#...#
##....###. #)#)###
##.#.###..## #### .)..#
#.<............. #.#.#####
#.#########.#.#
#.#.....####.#..hh.........#
#.#####......#####..........
#.#.....###### #....<.#.[
#.###.#....#### #......#.#
#. #.#.......# #o.......# #.
#.#.#.###.# #o.......#
....#.# #.####........#
...#...###.#.....=.....#
...###.##....#o########.##


You could see a hound.

Vanquished Creatures
  A steam dragon (D:5)
  An ogre (D:5)
  3 jellies
  3 iguanas (D:5)
  3 orc wizards
  A gnoll (D:2)
  5 adders
  A worm (D:3)
  3 dart slugs
  19 orcs
  3 bats
  9 endoplasms
  2 giant cockroaches
  9 goblins
  9 hobgoblins
  4 kobolds
  5 quokkas
  4 ball pythons
  5 frilled lizards
  8 rats
98 creatures vanquished.

Notes
Turn   | Place    | Note
-------+----------+-------------------------------------------
     0 | D:1      | Dirtsage the Octopode Shapeshifter began the quest for the
                  | Orb.
     0 | D:1      | Reached XP level 1. HP: 13/13 MP: 1/1
   154 | D:1      | Reached XP level 2. HP: 5/18 MP: 2/2
   855 | D:1      | Reached XP level 3. HP: 19/23 MP: 3/3
  1069 | D:2      | Reached XP level 4. HP: 26/29 MP: 4/4
  1186 | D:2      | Reached skill level 4 in Shapeshifting
  1480 | D:2      | Learned a level 3 spell: Ozocubu's Armour
  1585 | D:2      | Found a faded altar of an unknown god.
  1865 | D:3      | Reached skill level 1 in Ice Magic
  1887 | D:3      | Reached XP level 5. HP: 34/34 MP: 5/5
  2086 | D:3      | Found a sacrificial altar of Ru.
  2519 | D:4      | Found a blossoming altar of Fedhas.
  2714 | D:4      | Found a staircase to the Ecumenical Temple.
  2750 | Temple   | Entered the Ecumenical Temple
  3711 | D:5      | Entered Level 5 of the Dungeon
  3751 | D:5      | Reached XP level 6. HP: 34/41 MP: 6/6
  3840 | D:5      | Found Ubyl's Book Emporium.
  4154 | D:5      | Found Bifiapn's Weapon Shoppe.
  4297 | D:5      | Reached skill level 5 in Shapeshifting
  4297 | D:5      | Reached XP level 7. HP: 34/45 MP: 7/7
  4408 | D:5      | Found a transporter.
  4413 | D:5      | Found Coinekkag's Weapon Emporium.
  4417 | D:5      | Noticed a steam dragon
  4418 | D:5      | Found a transporter.
  4427 | D:5      | Killed a steam dragon
  5075 | D:6      | HP: 1/46 [orc priest/divine providence (17)]
  5089 | D:6      | HP: 1/46 [orc priest/nerve-wracking pain (7)]
  5090 | D:6      | Slain by a hound

Illustrated notes

Levels and vault maps discovered:
D:1:      minmay_arrival_jagged, layout_loops_corners
D:2:      layout_loops_ring, shapermc_ecumenical_altar_ellora,
          minmay_pentomino_w4
D:3:      layout_basic, mainiacjoe_overflow_24_doors
D:4:      layout_layer_cave, mainiacjoe_overflow_tiny_flanked, temple_pool_b
D:5:      layout_basic, serial_shops, nicolae_shop_drivethru, shop_statue,
          nicolae_shop_waterfront
D:6:      layout_basic, mainiacjoe_overflow_cross_hatched, slow_altar_1,
          grunt_temple_overflow_open, grunt_ministairs_11, grunt_decor_clamped
Temple:   minmay_temple_bridge_abc

Skill      XL: |  1  2  3  4  5  6  7 |
---------------+----------------------+-----
Fighting       | 2 3 |  3.2
Shapeshifting  | 4 5 |  5.3
Ice Magic      | 1 2 3 |  3.6
Unarmed Combat | 4 |  4.5
Dodging        | |  2.0

Action                     |  1- 3 |  4- 6 |  7- 9 || total
---------------------------+-------+-------+-------++-------
  Melee: Unarmed           |    43 |   123 |    22 ||   188
         Constrict         |    11 |    31 |     3 ||    45
         Tentacles         |     7 |    22 |     2 ||    31
         Punch             |     2 |     1 |       ||     3
   Cast: Ozocubu's Armour  |       |       |     1 ||     1
    Use: Scroll            |       |     5 |       ||     5
         Potion            |       |       |     1 ||     1
   Stab: Sleeping          |     3 |     9 |       ||    12
 Armour: Skin              |    14 |    39 |    17 ||    70
  Dodge: Dodged            |    16 |    38 |    11 ||    65

Table legend: (Time is in decaauts)
 A = Elapsed time spent in this place.
 B = Non-inter-level travel time spent in this place.
 C = Inter-level travel time spent in this place.
 D = Time resting spent in this place.
 E = Time spent auto-exploring this place.
 F = Levels seen in this place.
 G = Mean time per level.
                   A        B        C        D        E       F      G
               +--------+--------+--------+--------+--------+-----+--------+
         Total |   5073 |   4844 |    229 |     18 |   4187 |   7 |  724.7 |
       Dungeon |   5043 |   4828 |    215 |     18 |   4187 |   6 |  840.5 |
        Temple |     29 |     15 |     14 |      0 |      0 |   1 |   29.0 |
               +--------+--------+--------+--------+--------+-----+--------+

Top non-repeatable levels by time:
     D:4: 1261 daAuts
     D:5: 1202 daAuts
     D:1: 1012 daAuts
     D:2: 832 daAuts
     D:3: 562 daAuts
     D:6: 171 daAuts
  Temple: 29 daAuts
